 Dungeon Crawl Stone Soup version 0.27.0-1-g7a089689b8 (webtiles) character file.

Game seed: 10383896496392259697

2 hawla the Sneak (level 1, -2/13 HPs)
             Began as a Deep Elf Delver on Aug 8, 2021.
             Was an Initiate of Yredelemnul.
             Slain by an orc wizard (4 damage)
             ... on level 5 of the Dungeon.
             The game lasted 00:03:02 (176 turns).

hawla the Sneak (Deep Elf Delver)                    Turns: 176, Time: 00:03:02

Health: -2/13      AC:  3    Str:  9    XL:     1   Next: 25%
Magic:  3/3        EV: 12    Int: 14    God:    Yredelemnul [......]
Gold:   10         SH:  0    Dex: 16    Spells: 0/0 levels left

rFire    . . .     SeeInvis .   a - +0 short sword
rCold    . . .     Faith    .   (no shield)
rNeg     . . .     Spirit   .   b - +0 leather armour
rPois    .         Reflect  .   (no helmet)
rElec    .         Harm     .   (no cloak)
rCorr    .         Rampage  .   (no gloves)
Will     .....                  (no boots)
Stlth    +++.......             (no amulet)
HPRegen  0.04/turn              (no ring)
MPRegen  0.08/turn              (no ring)

@: brilliant
A: no striking features
a: Renounce Religion


You were on level 5 of the Dungeon.
You worshipped Yredelemnul.
Yredelemnul was noncommittal.
You visited 1 branch of the dungeon, and saw 1 of its levels.

You collected 10 gold pieces.

Inventory:

Hand Weapons
 a - a +0 short sword (weapon)
Armour
 b - a +0 leather armour (worn)
Wands
 g - a wand of digging (3)


   Skills:
 + Level 2.4 Fighting
 + Level 2.0 Short Blades
 + Level 2.4 Dodging
 + Level 6.1 Stealth


You couldn't memorise any spells.
You didn't know any spells.
Your spell library contained the following spells:

 Spells                   Type           Power      Damage    Failure   Level
 Apportation              Tloc           0%         N/A       38%         1
 Alistair's Intoxication  Tmut/Pois      0%         N/A       100%        5
 Invisibility             Hex            0%         N/A       100%        6


Dungeon Overview and Level Annotations

Branches:
Dungeon (5/15)
 Temple: D:4-7

Altars:
Yredelemnul


Message History

You hit the quokka but do no damage.
The quokka is almost dead.
The quokka bites you.
* * * LOW HITPOINT WARNING * * *
You hit the quokka.
You kill the quokka!
The orc wizard mumbles some strange words.
The orc wizard flickers and vanishes!
You open the door.
A spectral orc comes into view.
Found a basalt altar of Yredelemnul.
A magic dart appears from out of thin air!
The magic dart hits you.
* * * LOW HITPOINT WARNING * * *
There is an open door here.
You close the door.
The helpless spectral orc fails to defend itself.
You impale the spectral orc!!
You destroy the spectral orc!
Your extra speed is starting to run out.
There is a basalt altar of Yredelemnul here.
You kneel at the altar of Yredelemnul.
You kneel at the altar of Yredelemnul.
Yredelemnul welcomes you!
You start resting.
Something unseen opens the door.
You aren't carrying any potions.
As you read the scroll of magic mapping, it crumbles to dust.
You feel aware of your surroundings.
You sensed 1 altar.
You are caught in the web!
There is a web here.
You disentangle yourself.
You pick your way through the web.
There is a web here.
You closely miss something.
You feel yourself slow down.
You hit something but do no damage. Something hits you but does no damage.
You miss something. Something hits you.
You die...
Your body rises from the dead as a mindless zombie.

##>..#**,,.....#
#....##***.....##***
..##..#####......,,*
.###...##....#******
.###........#*#####
#.....{.....###.#.#
##..........##^^..#
#..####.....'..._#
#...#####..##^^@^#
##....####..###.#^#
*** #...........#
#####***** *,**
o.........###
***,,,* *,,*
..........##
*,,*,,****,****
.......##..#
**,***,,*,**,*,*
#..#...###.#
*,,*,,,,*,,,**,*
##.#...# #.##
*,,*,,,*****,*,*
#..#..# ##.#
**,.,,,** **,**


There were no monsters in sight!

Vanquished Creatures
  A quokka (D:5)
  A spectral orc (D:5)
2 creatures vanquished.

Notes
Turn   | Place    | Note
-------+----------+-------------------------------------------
     0 | D:5      | hawla the Deep Elf Delver began the quest for the Orb.
     0 | D:5      | Reached XP level 1. HP: 13/13 MP: 3/3
    92 | D:5      | Noticed an orc wizard
    95 | D:5      | Noticed an orc priest
   113 | D:5      | Noticed an orc wizard
   157 | D:5      | Found a basalt altar of Yredelemnul.
   167 | D:5      | Became a worshipper of Yredelemnul the Dark
   176 | D:5      | Slain by an orc wizard

Illustrated notes

Levels and vault maps discovered:
D:5:      layout_layer_cave, fedhas_altar_4,
          yredelemnul_forgotten_temple_becter, glass_columns_b

Action                   || total
-------------------------++-------
Melee: Short sword       ||     8
  Use: Scroll            ||     3
       Potion            ||     2
 Stab: Sleeping          ||     1
Armor: Leather armour    ||     1
